 Dungeon Crawl Stone Soup version 0.21.1-1-g345015f (webtiles) character file.

22 Kairos the Cudgeler (level 2, 17/17 HPs)
             Began as a Gargoyle Gladiator on Mar 26, 2018.
             Got out of the dungeon alive.
             The game lasted 00:01:23 (539 turns).

Kairos the Cudgeler (Gargoyle Gladiator)             Turns: 539, Time: 00:01:24

Health: 17/17      AC:  7    Str: 17    XL:     2   Next: 91%
Magic:  2/2        EV: 12    Int:  8    God:
Gold:   77         SH:  0    Dex: 11    Spells: 1/1 levels left

rFire    . . .     SeeInvis .   a - +0 flail
rCold    . . .     Gourm    .   (no shield)
rNeg     + . .     Faith    .   b - +0 leather armour
rPois    ∞         Spirit   .   c - +0 helmet
rElec    +         Reflect  .   (no cloak)
rCorr    .         Harm     .   i - +0 pair of gloves
MR       .....                  (no boots)
Stlth    +.........             (no amulet)
HPRegen  0.05/turn              (no ring)
MPRegen  0.08/turn              (no ring)

@: very slightly contaminated
A: negative energy resistance 1, electricity resistance, unbreathing,
petrification resistance, rot immunity, AC +2
a: no special abilities


You escaped.
You were not hungry.

You visited 1 branch of the dungeon, and saw 1 of its levels.

You collected 77 gold pieces.

Inventory:

Hand Weapons
 a - a +0 flail (weapon)
Missiles
 d - 3 throwing nets (quivered)
Armour
 b - a +0 leather armour (worn)
 c - a +0 helmet (worn)
 i - a +0 pair of gloves (worn)
Scrolls
 l - a scroll of identify
Potions
 k - a potion of might
 m - a potion of berserk rage {unknown}
Comestibles
 f - 4 rations


   Skills:
 + Level 2.3 Fighting
 + Level 3.5 Maces & Flails
 + Level 2.0 Throwing
 + Level 0.1 Armour
 + Level 2.7 Dodging


You had one spell level left.
You didn't know any spells.

Dungeon Overview and Level Annotations

Branches:
Dungeon (1/15)

Altars:


Innate Abilities, Weirdness & Mutations

You are resistant to torment.
Your stone body is resilient. (AC +2)
You are immune to poison.
You resist negative energy. (rN+)
You are resistant to electric shocks. (rElec)
You can survive without breathing.
You are immune to petrification.
You are immune to rotting.


Message History

You hear a loud clanging noise!
It was a scroll of noise.
As you read the scroll labeled HUTAYT MEOWO, it crumbles to dust.
The scroll dissolves into smoke.
It was a scroll of fog.
Your surroundings suddenly seem different.
As you read the scroll labeled ECOYCZI GILLI, it crumbles to dust.
It is a scroll of identify.
k - a potion of might You see here a dagger.
There is a stone staircase leading down here.
You see here a short sword.
You enter the shallow water.
Moving in this stuff is going to be slow.
You see here a ring mail.
There is a staircase leading out of the dungeon here.
You can't go down here!
Are you sure you want to leave the Dungeon?
This will make you lose the game!
Uppercase [Y]es or [N]o only, please.
Are you sure you want to leave the Dungeon?
This will make you lose the game!
You have escaped!

#....#####..#(...#####.......)
#######.#.................####..#
.....##.#.######.#####....# #(.#
.....##.#.#≈≈≈≈♣.♣≈≈≈#..### #..#
....(.....#≈...)..P.≈#.## #...
........#.#≈.....PPP≈#.# ##.#.
.....##...#≈......P.≈#.# ###....
.....##...#♣♣.......♣#.# #.....#
.....##.........@......# #.###.#
#######.#.#♣♣.......♣### ##.# #.#
..#####.#.#≈..P...♣.≈#####..# #..
#.........#≈.PPP[♣♣♣≈#.....####..
#######.#.#≈..P...♣.≈########....
# #....#≈≈≈≈♣≈♣≈≈≈#...........
######...#######.#########.####..
#...)..............#####...# ##.
#...................##...### #.


There were no monsters in sight!

Vanquished Creatures
  2 leopard geckos (D:1)
  3 goblins (D:1)
  A hobgoblin (D:1)
  5 jackals (D:1)
  A ball python (D:1)
  2 bats (D:1)
  A frilled lizard (D:1)
  2 kobolds (D:1)
  2 rats (D:1)
19 creatures vanquished.

Vanquished Creatures (others)
  5 toadstools (D:1)
5 creatures vanquished.

Grand Total: 24 creatures vanquished

Notes
Turn   | Place    | Note
-------+----------+-------------------------------------------
     0 | D:1      | Kairos the Gargoyle Gladiator began the quest for the Orb.
     0 | D:1      | Reached XP level 1. HP: 12/12 MP: 1/1
    82 | D:1      | Reached XP level 2. HP: 10/17 MP: 2/2
   539 | D:$      | Got out of the dungeon alive.

Skill      XL: |  1  2 |
---------------+-------+-----
Throwing       | 2 |  2.0
Fighting       | |  2.3
Maces & Flails | |  3.5
Armour         | |  0.1
Dodging        | |  2.7

Action                   || total
-------------------------++-------
Melee: Flail             ||    68
  Use: Scroll            ||     5
Armor: Leather armour    ||    36
Dodge: Dodged            ||    62
